 Dungeon Crawl Stone Soup version 0.30.1-11-g7821555f0a (webtiles) character file.

Game seed: 15762356761098028231

341422 Azazsd the Warrior (level 21, -8/183 (235) HPs)
             Began as a Demonspawn Chaos Knight on Nov 14, 2023.
             Was a Favourite Plaything of Xom.
             Killed from afar by a tengu reaver (19 damage)
             ... with a bolt of lightning
             ... on level 3 of the Depths.
             The game lasted 02:39:51 (44037 turns).

Azazsd the Warrior (Demonspawn Chaos Knight)       Turns: 44037, Time: 02:39:54

HP:   -8/183 (235)  AC: 40    Str: 23    XL:     21   Next: 9%
MP:   14/14         EV: 17    Int: 21    God:    Xom [..*...]
Gold: 1682          SH: 12    Dex: 21    Spells: 20/20 levels left

rFire   . . .        A - +6 spear of Xom's Esteem {vamp, rPois rC+ Will+ MP-9 Int+3}
rCold   + + .        m - +3 warlock's mirror {omnireflect}
rNeg    . . .        C - +5 crystal plate armour
rPois   +            (helmet unavailable)
rElec   +            t - +1 cloak {rCorr}
rCorr   +            G - +2 pair of gloves {Stlth+}
SInv    +            R - +2 pair of boots of Roeli {Str+4 Dex+4}
Will    ++++.        e - amulet of reflection Stlth
                     u - +4 ring of slaying
HPRegen 0.50/turn    Z - +4 ring of slaying
MPRegen 0.14/turn

%: reflection
@: studying 6 skills, heavily drained
A: antennae 3, repulsion field 2, demonic guardian 3, spiny 2, black mark,
bedeviling, claws 1, agile 1, clever 1, cold resistance 1, high MP 1,
strong-willed 2, sense surroundings 3, poison resistance, robust 3, electricity
resistance, wild magic 2, MP-powered wands
}: 2/15 runes: serpentine, barnacled
a: Renounce Religion


You were on level 3 of the Depths.
You worshipped Xom.
You were a toy of Xom.
You visited 7 branches of the dungeon, and saw 36 of its levels.
You also visited: Trove and Ice Cave.

You collected 6908 gold pieces.
You spent 5226 gold pieces at shops.

Inventory:

Hand Weapons
 p - a +9 vampiric trident
 A - the +6 spear of Xom's Esteem (weapon) {vamp, rPois rC+ Will+ MP-9 Int+3}
   (You found it on level 5 of the Dungeon)

   Int:       It affects your intelligence (+3).
   rC:        It protects you from cold.
   rPois:     It protects you from poison.
   MP:        It affects your magic capacity (-9).
   Will:      It increases your willpower.
 M - the +7 trident of Chaos {heavy, Str+4}
   (You found it on level 7 of the Dungeon)

   Str:       It affects your strength (+4).
Armour
 m - the +3 warlock's mirror (worn) {omnireflect}
   (You acquired it on level 2 of the Orcish Mines)

   Omnireflect: It can block and reflect piercing ranged attacks and magical
   attacks against the wielder's willpower.
 t - a +1 cloak of preservation (worn)
 C - a +5 crystal plate armour (worn)
 G - a +2 pair of gloves of stealth (worn)
 H - a +4 plate armour of willpower
 R - the +2 pair of boots of Roeli (worn) {Str+4 Dex+4}
   (You bought it in a shop on level 2 of the Orcish Mines)

   Str:       It affects your strength (+4).
   Dex:       It affects your dexterity (+4).
Jewellery
 e - an amulet of reflection (around neck)
 h - a ring of positive energy
 i - the ring "Tolis" {rCorr MP+9 Str+3 SInv}
   (You took it off a deep elf death mage on level 3 of the Elven Halls)

   [ring of resist corrosion]

   Str:       It affects your strength (+3).
   MP:        It affects your magic capacity (+9).
   SInv:      It lets you see invisible.
   rCorr:     It protects you from acid and corrosion.
 o - a ring of positive energy
 u - a +4 ring of slaying (left hand)
 S - a +5 ring of evasion
 W - a ring of willpower
 Y - a +4 ring of protection
 Z - a +4 ring of slaying (right hand)
Wands
 a - a wand of charming (54)
 k - a wand of digging (20)
 y - a wand of polymorph (16)
 I - a wand of iceblast (51)
 K - a wand of acid (26)
 V - a wand of mindburst (28)
Scrolls
 b - 7 scrolls of immolation
 g - 14 scrolls of teleportation
 r - a scroll of enchant armour
 v - a scroll of silence
 w - 9 scrolls of poison
 z - 4 scrolls of blinking
 D - 29 scrolls of identify
 J - 6 scrolls of fear
 L - a scroll of fog
 O - 2 scrolls of brand weapon
 P - 6 scrolls of magic mapping
 Q - 3 scrolls of summoning
Potions
 d - 6 potions of flight
 f - 3 potions of ambrosia
 j - 3 potions of mutation
 l - a potion of resistance
 n - 9 potions of brilliance
 q - 15 potions of curing
 x - 3 potions of might
 B - 7 potions of haste
 F - 3 potions of heal wounds
 N - 5 potions of berserk rage
 U - 12 potions of lignification
 X - 2 potions of magic
Miscellaneous
 c - a piece from Xom's chessboard (15/15) (quivered)
 s - a lightning rod (4/4)


   Skills:
 + Level 19.4 Fighting
 - Level 2.7 Long Blades
 - Level 3.3(11.8) Axes
 + Level 17.3(17.5) Polearms
 + Level 17.8 Armour
 + Level 18.4 Dodging
 + Level 10.4 Stealth


You had 20 spell levels left.
You didn't know any spells.
Your spell library contained the following spells:

 Spells                   Type           Power      Damage    Failure   Level
 Foxfire                  Conj/Fire      0%         2x1d4     100%        1
 Freeze                   Ice            0%         1d3       100%        1
 Kiss of Death            Conj/Necr      0%         2d5       100%        1
 Slow                     Hex            0%         N/A       100%        1
 Sting                    Tmut/Pois      0%         1d3       100%        1
 Summon Small Mammal      Summ           0%         N/A       100%        1
 Blink                    Tloc           0%         N/A       100%        2
 Cigotuvi's Dreadful Rot  Necr/Pois/Air  0%         N/A       100%        2
 Ensorcelled Hibernation  Hex/Ice        0%         N/A       100%        2
 Lesser Beckoning         Tloc           0%         N/A       100%        2
 Momentum Strike          Conj/Tloc      0%         3d8       100%        2
 Poisonous Vapours        Pois/Air       0%         N/A       100%        2
 Scorch                   Fire           0%         2d5       100%        2
 Searing Ray              Conj           0%         2d4       100%        2
 Static Discharge         Conj/Air       0%         2-2/arc   100%        2
 Sublimation of Blood     Necr           0%         N/A       100%        2
 Call Canine Familiar     Summ           0%         N/A       100%        3
 Confusing Touch          Hex            0%         N/A       100%        3
 Dazzling Flash           Conj/Hex       0%         N/A       100%        3
 Frozen Ramparts          Ice            0%         1d1       100%        3
 Gell's Gravitas          Tloc           0%         N/A       100%        3
 Hailstorm                Conj/Ice       0%         3d3       100%        3
 Inner Flame              Hex/Fire       0%         N/A       100%        3
 Ozocubu's Armour         Ice            0%         N/A       100%        3
 Portal Projectile        Hex/Tloc       0%         N/A       100%        3
 Spider Form              Tmut/Pois      0%         N/A       100%        3
 Stone Arrow              Conj/Erth      0%         3d7       100%        3
 Summon Guardian Golem    Hex/Summ       0%         N/A       100%        3
 Teleport Other           Tloc           0%         N/A       100%        3
 Tukima's Dance           Hex            0%         N/A       100%        3
 Vhi's Electric Charge    Tloc/Air       0%         N/A       100%        3
 Volatile Blastmotes      Fire/Tloc      0%         2d10      100%        3
 Airstrike                Air            0%         2d(0-16)  100%        4
 Anguish                  Hex/Necr       0%         N/A       100%        4
 Animate Armour           Summ/Erth      0%         N/A       100%        4
 Animate Dead             Necr           0%         N/A       100%        4
 Cause Fear               Hex            0%         N/A       100%        4
 Dispel Undead            Necr           0%         3d6       100%        4
 Flame Wave               Conj/Fire      0%         2d4       100%        4
 Fulminant Prism          Conj/Hex       0%         3d5       100%        4
 Iskenderun's Mystic Bla  Conj/Tloc      0%         2d3       100%        4
 Leda's Liquefaction      Hex/Erth       0%         N/A       100%        4
 Olgreb's Toxic Radiance  Pois           0%         N/A       100%        4
 Passage of Golubria      Tloc           0%         N/A       100%        4
 Petrify                  Tmut/Erth      0%         N/A       100%        4
 Summon Lightning Spire   Summ/Air       0%         N/A       100%        4
 Agony                    Necr           0%         N/A       100%        5
 Blade Hands              Tmut           0%         N/A       100%        5
 Borgnjor's Vile Clutch   Necr/Erth      0%         N/A       100%        5
 Fireball                 Conj/Fire      0%         3d3       100%        5
 Irradiate                Conj/Tmut      0%         3d11      100%        5
 Lee's Rapid Deconstruct  Erth           0%         3d4*      100%        5
 Metabolic Englaciation   Hex/Ice        0%         N/A       100%        5
 Silence                  Hex/Air        0%         N/A       100%        5
 Summon Forest            Summ/Tloc      0%         N/A       100%        5
 Yara's Violent Unravell  Hex/Tmut       0%         3d3       100%        5
 Death Channel            Necr           0%         N/A       100%        6
 Dispersal                Tloc           0%         N/A       100%        6
 Plasma Beam              Fire/Air       0%         2x1d11    100%        6
 Simulacrum               Ice/Necr       0%         N/A       100%        6
 Starburst                Conj/Fire      0%         6d3       100%        6
 Statue Form              Tmut/Erth      0%         N/A       100%        6
 Summon Cactus Giant      Summ           0%         N/A       100%        6
 Dragon Form              Tmut           0%         N/A       100%        7
 Enfeeble                 Hex            0%         N/A       100%        7
 Malign Gateway           Summ/Tloc      0%         N/A       100%        7
 Orb of Destruction       Conj           0%         9d5       100%        7
 Ozocubu's Refrigeration  Ice            0%         4d7       100%        7
 Spellforged Servitor     Conj/Summ      0%         N/A       100%        7
 Discord                  Hex            0%         N/A       100%        8
 Lehudib's Crystal Spear  Conj/Erth      0%         10d2      100%        8
 Necromutation            Tmut/Necr      0%         N/A       100%        8
 Summon Horrible Things   Summ           0%         N/A       100%        8
 Chain Lightning          Conj/Air       0%         N/A       100%        9
 Dragon's Call            Summ           0%         N/A       100%        9
 Fire Storm               Conj/Fire      0%         5d1       100%        9
 Shatter                  Erth           0%         3d5*      100%        9


Dungeon Overview and Level Annotations

Branches:
Dungeon (15/15)            Temple (0/1) D:7            Lair (5/5) D:10
 Shoals (4/4) Lair:3        Snake (4/4) Lair:3        Slime (0/5) Lair:5
    Orc (2/2) D:12            Elf (3/3) Orc:2        Vaults (0/5) D:13
 Depths (3/4) D:15          IceCv (visited)

Altars:
Dithmenos
Gozag
Hepliaklqana
Kikubaaqudgha
Sif Muna
Vehumet
Xom
Jiyva

Shops:
D:1 *   D:2 =   D:7 *   D:15 (   Orc:2 :([?   Elf:2 :   Snake:2 ?(!   Snake:4 =
Depths:2 *[:*

Portals:
Hell: Depths:1 Depths:2
Pandemonium: Depths:2


Innate Abilities, Weirdness & Mutations

You have a pair of large antennae on your head. (SInv)
You are surrounded by a moderate repulsion field. (EV +3)
A powerful demonic guardian rushes to your aid.
You are mostly covered in sharp spines.
Your melee attacks may debilitate your foes.
Your hexes are more powerful.
You have sharp fingernails.
You are agile. (Dex +4, Str/Int -1)
Your mind is acute. (Int +4, Str/Dex -1)
Your flesh is cold resistant. (rC+)
You have an increased reservoir of magic. (+10% MP)
You are highly strong-willed. (Will++)
You passively map a large area around you.
Your system is resistant to poisons. (rPois)
You are extremely robust. (+30% HP)
You are resistant to electric shocks. (rElec)
Your spells are harder to cast, but more powerful.
You expend magic power (3 MP) to strengthen your wands.


Message History

The tengu reaver completely misses your Brimstone Fiend.
The tengu reaver pecks your Brimstone Fiend but does no damage.
The tengu reaver claws your Brimstone Fiend but does no damage.
Your Brimstone Fiend closely misses the tengu reaver.
Your Brimstone Fiend hits the tengu reaver!
Your Brimstone Fiend closely misses the tengu reaver.
Your Brimstone Fiend hits you but does no damage.
Your Brimstone Fiend barely misses you.
Your Brimstone Fiend hits you but does no damage.
The tengu reaver seems less confused.
The tengu reaver gestures at you while chanting.
The bolt of negative energy hits you!!
You feel drained.
* * * LOW HITPOINT WARNING * * *
A demonic guardian appears!
The tengu reaver casts a spell at you.
The bolt of fire hits your Hell Sentinel.
Your Hell Sentinel completely resists.
The bolt of fire misses you.
Your Hell Sentinel hits the tengu reaver but does no damage.
Your Hell Sentinel closely misses the tengu reaver.
You hit your Brimstone Fiend but do no damage.
Your Brimstone Fiend is severely wounded.
Your Brimstone Fiend seems less confused.
The tengu reaver gestures at you while chanting.
The bolt of poison hits your Hell Sentinel.
Your Hell Sentinel completely resists.
The bolt of poison hits you. You resist.
* * * LOW HITPOINT WARNING * * *
You completely miss your Brimstone Fiend.
Your Brimstone Fiend is severely wounded.
Your Hell Sentinel hits the tengu reaver.
Your Hell Sentinel misses the tengu reaver.
You nearly stumble into some deep water!
You feel less confused. The tengu reaver casts a spell at you.
The bolt of lightning hits your Hell Sentinel.
Your Hell Sentinel completely resists.
The bolt of lightning hits your Brimstone Fiend!
The bolt of lightning hits you!! You resist.
You die...

, ,, ,, ,,,, ,,, ,, .........
,,,,, ,,,, , , ,,, ,,.........
****,,* ** ** ,,** * *##...... *,
#####+ #...... * * ,,* *
**#≈≈≈≈#* **###...... , ,,,, ,,,
,#...≈#,, , .......>. , ..
,,,,#...≈#,, ,,......... , ,, #.#
***##...≈#** * ######..#
,,,,,#..# #Q11@§# #..#
,,,,,*#..#* #[##### #..# ∩,
.###..###.)###############..#
,,,,.[.....{{)...................
,,, .......{.{.....).............
,, ...####..{#######..#########.
,*,,* , * ##..#######..#########.
,,, , , ,.......................
,,, ,,**##....####....."........


You could see a tengu reaver (ally target), a friendly Hell Sentinel (summoned)
and a friendly Brimstone Fiend (summoned).

Vanquished Creatures
  A juggernaut (Depths:2)
  Sojobo (Depths:3)
  2 caustic shrikes (Depths:2)
  3 golden dragons (Depths:2)
  A walking earthen tome (Depths:2)
  A titan (Depths:3)
  2 deep elf master archers (Elf:3)
  2 deep elf blademasters (Elf:3)
  A sphinx (Depths:3)
  A walking frostbound tome (Depths:3)
  4 shadow dragons
  A storm dragon (Depths:1)
  3 tengu reavers
  3 fire giants
  4 nagarajas
  An iron dragon (Depths:2)
  Louise (Shoals:2)
  5 frost giants
  4 deep elf sorcerers (Elf:3)
  The ghost of Korch the Protected, a journeyman AtBe of Trog (Snake:3)
  2 orc warlords (Orc:2)
  4 very ugly things
  9 stone giants
  6 deep elf annihilators (Elf:3)
  5 deep elf demonologists
  4 vampire knights
  A spark wasp (Depths:2)
  4 deep elf death magi (Elf:3)
  4 merfolk javelineers
  7 merfolk impalers
  A deep elf high priest (Elf:3)
  3 ettins
  2 fire dragons (Depths:3)
  A great orb of eyes (D:15)
  3 ice dragons
  The ghost of laqueoix the Fencer, a journeyman TeRe of Ashenzari (Lair:2)
  A hydra (Lair:4)
  4 salamander tyrants (Snake:4)
  Erolcha (Orc:2)
  A spriggan air mage (D:15)
  4 centaur warriors
  3 ogre magi
  11 naga warriors
  9 anacondas
  A catoblepas (Lair:4)
  An alligator snapping turtle (Shoals:4)
  2 boulder beetles
  11 two-headed ogres
  5 merfolk aquamancers
  3 tengu warriors
  27 dancing weapons
  2 deep troll shamans (Depths:1)
  2 satyrs
  2 deep troll earth magi
  16 naga sharpshooters
  4 shock serpents
  4 spriggan berserkers
  An orc high priest (Orc:2)
  15 deep elf knights
  8 iron trolls
  3 skysharks
  8 deep trolls
  5 skeletal warriors (D:15)
  An orb spider (D:10)
  8 sea snakes
  6 salamander mystics
  A glowing orange brain (shapeshifter) (Elf:2)
  2 orc knights (Orc:2)
  A wizard (D:13)
  4 naga ritualists
  22 deep elf zephyrmancers
  15 deep elf archers
  17 harpies
  26 deep elf pyromancers
  4 lindwurms (Snake:4)
  4 phantasmal warriors
  6 fauns
  33 ugly things
  12 mana vipers
  A necromancer (D:13)
  4 cyclopes
  A shining eye (shapeshifter) (Depths:2)
  9 orc sorcerers
  18 salamanders
  11 manticores
  5 merfolk sirens
  35 black mambas
  A black mamba (shapeshifter) (Depths:2)
  Maurice (D:13)
  9 naga magi
  2 water nymphs
  A smoke demon (Depths:2)
  16 elephants
  5 guardian serpents (Snake:4)
  2 torpor snails (Lair:4)
  9 cane toads
  2 unseen horrors (D:12)
  A kobold demonologist (D:9)
  3 rime drakes
  6 yaktaurs
  A tengu conjurer (Depths:1)
  5 komodo dragons
  7 trolls
  8 wind drakes
  A polar bear (shapeshifter) (Snake:3)
  24 merfolk
  A troll (shapeshifter) (D:11)
  A tyrant leech (shapeshifter) (Elf:3)
  4 polar bears (Lair:5)
  8 hornets
  A merfolk (shapeshifter) (Shoals:4)
  10 snapping turtles
  4 dream sheep (Lair:3)
  12 blink frogs
  A dream sheep (shapeshifter) (Depths:3)
  10 spriggans
  7 slime creatures
  28 yaks
  3 shadows
  20 water elementals
  3 vampires
  6 wraiths
  3 wyverns
  A fire elemental (Elf:2)
  5 air elementals
  5 hogs (Lair:5)
  A shapeshifter (Snake:3)
  17 humans (D:13)
  A hog (shapeshifter) (D:15)
  3 basilisks
  4 steam dragons
  An acid dragon (D:8)
  28 nagas
  4 wargs
  Duvessa (D:6)
  A meliai simulacrum (D:15)
  20 water moccasins
  A floating eye (Depths:3)
  A floating eye (shapeshifter) (Orc:2)
  8 black bears
  A sky beast (D:7)
  5 ice beasts
  27 orc warriors
  12 ogres
  An ettin simulacrum (IceCv)
  An alligator simulacrum (IceCv)
  4 boggarts (Lair:5)
  26 wolves
  8 centaurs
  A lemure (D:3)
  2 phantoms (D:4)
  5 kobold brigands
  7 bullfrogs
  A gnoll sergeant (D:13)
  A scorpion (D:5)
  A water moccasin skeleton (D:5)
  4 wights (D:6)
  Dowan (D:6)
  3 killer bees
  7 howler monkeys
  A bullfrog zombie (D:5)
  A bullfrog skeleton (D:5)
  7 jellies
  2 wyvern simulacra (D:9)
  A gnoll bouda (Lair:1)
  11 orc priests
  Crazy Yiuf (D:5)
  A sleepcap (D:5)
  A scorpion zombie (D:5)
  3 iguanas
  31 orc wizards
  12 hell rats
  Robin (D:3)
  7 gnolls
  8 adders
  3 white imps
  An ufetubus (D:7)
  An adder zombie (D:5)
  2 worms
  4 dart slugs
  50 orcs
  8 bats
  7 endoplasms
  2 giant cockroaches
  13 goblins
  12 hobgoblins
  5 jackals
  3 quokkas
  7 ball pythons
  2 frilled lizards (D:1)
  27 kobolds
  8 rats
1188 creatures vanquished.

Vanquished Creatures (collateral kills)
  Vashnia (Snake:4)
  Rupert (D:14)
  A deep elf master archer (Elf:3)
  A deep elf blademaster (Elf:3)
  Gastronok (Lair:1)
  2 very ugly things (IceCv)
  A spark wasp (D:13)
  Josephine (Lair:5)
  2 merfolk impalers
  A hydra (Lair:5)
  A spriggan air mage (Depths:2)
  A catoblepas (Lair:5)
  A merfolk aquamancer (Shoals:3)
  An ogre mage (Orc:2)
  4 naga warriors
  2 dancing weapons (Elf:3)
  A naga sharpshooter (Snake:3)
  A salamander mystic (Snake:4)
  2 sea snakes (Shoals:3)
  An orange crystal statue (IceCv)
  2 deep elf archers (Elf:3)
  A steelbarb worm (shapeshifter) (D:11)
  2 deep elf zephyrmancers
  A deep elf pyromancer (D:12)
  6 ugly things
  2 cyclopes (D:14)
  2 manticores
  An orc sorcerer (Orc:2)
  A merfolk siren (Shoals:3)
  5 salamanders
  An elephant (Lair:5)
  A naga mage (Snake:3)
  Joseph (D:7)
  2 ice statues (D:14)
  A water nymph (Shoals:4)
  2 freezing wraiths (IceCv)
  An anaconda simulacrum (IceCv)
  7 merfolk
  A golden dragon simulacrum (IceCv)
  2 hornets
  A troll (Orc:2)
  A slime creature (D:15)
  4 spriggans (Lair:5)
  An air elemental (Elf:3)
  A water elemental (Shoals:3)
  A dire elephant simulacrum (IceCv)
  12 yaks
  A wyvern (D:8)
  Grum (D:8)
  2 nagas
  2 hydra simulacra (IceCv)
  A water moccasin (Lair:5)
  6 orc warriors
  2 wolves
  An ogre (Orc:2)
  A centaur (D:9)
  A killer bee (D:9)
  A lindwurm simulacrum (IceCv)
  An electric eel (Lair:2)
  A howler monkey (D:8)
  A hound (D:6)
  3 orc priests
  An orc wizard (Orc:2)
  4 gnolls (D:3)
  An ufetubus (D:9)
  3 orcs
124 creatures vanquished.

Vanquished Creatures (others)
  A golden dragon (Depths:2)
  A nagaraja (Snake:4)
  A deep elf sorcerer (Elf:3)
  A deep elf demonologist (Elf:3)
  A deep elf annihilator (Elf:3)
  A deep elf death mage (Elf:3)
  A rakshasa (Depths:2)
  A spriggan air mage (Depths:3)
  A centaur warrior (Shoals:1)
  6 dancing weapons
  A deep troll earth mage (Depths:1)
  A deep elf knight (Elf:2)
  3 deep elf pyromancers (Elf:1)
  3 manticores (Shoals:4)
  A faun (Shoals:1)
  A merfolk siren (Shoals:1)
  A merfolk (Shoals:4)
  3 humans (D:13)
  A naga (Snake:3)
  An orc wizard (Orc:2)
  An adder (D:2)
  5 orcs
37 creatures vanquished.

Grand Total: 1349 creatures vanquished

Notes
Turn   | Place    | Note
-------+----------+-------------------------------------------
     0 | D:1      | Azazsd the Demonspawn Chaos Knight began the quest for the
                  | Orb.
     0 | D:1      | Reached XP level 1. HP: 18/18 MP: 1/1
    67 | D:1      | XOM: silly message
   137 | D:1      | Reached skill level 1 in Dodging
   209 | D:1      | Found Zuurph's Assorted Antiques.
   321 | D:1      | XOM: 3-stop teleportation journey
   364 | D:1      | Gained mutation: A weak demonic guardian rushes to your
                  | aid. [demonic ancestry]
   364 | D:1      | Reached XP level 2. HP: 22/24 MP: 2/2
   379 | D:1      | XOM: god gift: 934 gold pieces
   406 | D:1      | XOM: polymorph giant cockroach -> frilled lizard
   869 | D:1      | Bought a shiny helmet for 157 gold pieces
   878 | D:1      | Bought a purple potion for 18 gold pieces
   878 | D:1      | Bought a scroll labelled ECIALU PI LEF for 21 gold pieces
   878 | D:1      | Bought a scroll labelled EDGHIN HOINLALU for 21 gold pieces
   878 | D:1      | Bought a scroll labelled HUISTR TYUZOE for 21 gold pieces
   958 | D:2      | Gained mutation: You have a pair of small antennae on your
                  | head. [demonic ancestry]
   958 | D:2      | Reached XP level 3. HP: 29/29 MP: 3/3
  1075 | D:1      | XOM: god gift: +4 heavy falchion
  1087 | D:2      | Reached XP level 4. HP: 32/35 MP: 4/4
  1356 | D:2      | Found Moiklen's Jewellery Shop.
  1457 | D:2      | XOM: divine lightning
  1549 | D:2      | XOM: give mutations
  1549 | D:2      | Gained mutation: You are robust. (+10% HP) [Xom's grace]
  1549 | D:2      | Gained mutation: You possess an exceptional clarity of
                  | mind. [Xom's grace]
  1549 | D:2      | Gained mutation: You are very robust. (+20% HP) [Xom's
                  | grace]
  1561 | D:2      | XOM: 4-stop teleportation journey
  1568 | D:2      | XOM: god gift: dented diamond amulet {god gift}
  2040 | D:3      | Gained mutation: A demonic guardian rushes to your aid.
                  | [demonic ancestry]
  2040 | D:3      | Reached XP level 5. HP: 38/50 MP: 5/5
  2166 | D:3      | XOM: 2-stop teleportation journey
  2193 | D:3      | XOM: scenery: 1 doors open
  2393 | D:3      | Found a faded altar of an unknown god.
  2394 | D:3      | XOM: give mutations
  2394 | D:3      | Gained mutation: Your spells are a little harder to cast,
                  | but a little more powerful. [Xom's grace]
  2394 | D:3      | Gained mutation: You are extremely robust. (+30% HP) [Xom's
                  | grace]
  2426 | D:3      | Noticed Grinder
  2427 | D:3      | XOM: confuse monster(s)
  2440 | D:3      | XOM: cleaving
  2442 | D:3      | Grinder changed into Grinder the lemure
  2442 | D:3      | Noticed Grinder
  2442 | D:3      | XOM: polymorph Grinder -> Grinder the lemure
  2458 | D:3      | Killed Grinder the lemure
  2459 | D:3      | Reached skill level 4 in Fighting
  2459 | D:3      | Reached skill level 1 in Long Blades
  2610 | D:3      | Noticed Robin
  2639 | D:3      | Killed Robin
  2708 | D:3      | Reached XP level 6. HP: 61/62 MP: 6/6
  3014 | D:3      | Lost mutation: You possess an exceptional clarity of mind.
                  | [potion of mutation]
  3014 | D:3      | Lost mutation: Your spells are a little harder to cast, but
                  | a little more powerful. [potion of mutation]
  3014 | D:3      | Gained mutation: You have hidden genetic potential. [potion
                  | of mutation]
  3154 | D:4      | XOM: god gift: wand of polymorph (6)
  3180 | D:4      | XOM: god gift: 43 gold pieces
  3474 | D:4      | Found an opulent altar of Gozag.
  3773 | D:4      | XOM: give mutations
  3773 | D:4      | Gained mutation: Your flesh is cold resistant. (rC+) [Xom's
                  | grace]
  3773 | D:4      | Gained mutation: You expend magic power (3 MP) to
                  | strengthen your wands. [Xom's grace]
  3789 | D:5      | Entered Level 5 of the Dungeon
  3790 | D:5      | XOM: scenery: create altars
  3824 | D:4      | XOM: fake destruction
  3830 | D:4      | Gained mutation: You are partially covered in sharp spines.
                  | [demonic ancestry]
  3830 | D:4      | Reached XP level 7. HP: 43/71 MP: 7/7
  4037 | D:5      | Reached skill level 5 in Fighting
  4085 | D:5      | XOM: cloud trail
  4120 | D:5      | Identified the +6 spear of Xom's Esteem {vamp, rPois rC+
                  | Will+ MP-9 Int+3}
  4192 | D:5      | XOM: confuse monster(s)
  4305 | D:5      | Found a runed translucent door.
  4306 | D:5      | Noticed Crazy Yiuf
  4620 | D:5      | Reached skill level 1 in Polearms
  4643 | D:5      | XOM: give mutations
  4643 | D:5      | Gained mutation: Your mind is acute. (Int +4, Str/Dex -1)
                  | [Xom's grace]
  4643 | D:5      | Gained mutation: Your flesh is very cold resistant. (rC++)
                  | [Xom's grace]
  4643 | D:5      | Gained mutation: You have a somewhat thin skeletal
                  | structure. (Dex +2, Stealth+) [Xom's grace]
  4643 | D:5      | Gained mutation: Your mind is very acute. (Int +8, Str/Dex
                  | -2) [Xom's grace]
  4704 | D:5      | Reached XP level 8. HP: 62/81 MP: 0/8
  4825 | D:5      | Gained mutation: Your muscles are strong. (Str +4, Int/Dex
                  | -1) [hidden potential]
  5031 | D:5      | Killed Crazy Yiuf
  5034 | D:5      | XOM: scenery: 1 doors close
  5182 | D:5      | XOM: scenery: 3 doors close
  5226 | D:5      | XOM: god gift: hand axe {god gift}
  5246 | D:6      | Identified the +0 rapier of Courage {drain, *Noise Int+4}
  5270 | D:6      | Found a shimmering altar of Xom.
  5270 | D:6      | Noticed an angel
  5270 | D:6      | XOM: 5-stop teleportation journey
  5309 | D:6      | Noticed Dowan
  5313 | D:6      | Noticed Duvessa
  5315 | D:6      | XOM: summons 2 friendly demons
  5316 | D:6      | Killed Dowan
  5325 | D:6      | Killed Duvessa
  5326 | D:6      | Reached skill level 6 in Fighting
  5326 | D:6      | Reached skill level 5 in Armour
  5514 | D:6      | Reached skill level 5 in Dodging
  5975 | D:6      | XOM: fake destruction
  5995 | D:6      | Gained mutation: A powerful demonic guardian rushes to your
                  | aid. [demonic ancestry]
  5995 | D:6      | Reached XP level 9. HP: 87/92 MP: 0/9
  6222 | D:7      | Gained mutation: You passively map a small area around you.
                  | [hidden potential]
  6222 | D:7      | Lost mutation: You have hidden genetic potential. [hidden
                  | potential expressed]
  6268 | D:7      | Noticed Joseph
  6273 | D:7      | XOM: smoke on damage
  6289 | D:7      | Killed Joseph
  6290 | D:7      | Reached skill level 7 in Fighting
  6400 | D:7      | Found Yggedeim's CLEARANCE SALE!.
  6423 | D:7      | XOM: divination: detect creatures
  6471 | D:7      | Found a radiant altar of Vehumet.
  6589 | D:7      | Identified the +7 trident of Chaos {heavy, Str+4}
  6630 | D:7      | Found a staircase to the Ecumenical Temple.
  6909 | D:7      | XOM: cloud trail
  7249 | D:8      | Noticed Grum
  7251 | D:8      | XOM: swap monsters
  7254 | D:8      | Reached skill level 5 in Polearms
  7254 | D:8      | XOM: noise
  7262 | D:8      | Found a shadowy altar of Dithmenos.
  7270 | D:8      | XOM: cleaving
  7289 | D:7      | Gained mutation: You have a pair of antennae on your head.
                  | [demonic ancestry]
  7289 | D:7      | Reached XP level 10. HP: 34/104 MP: 1/10
  7497 | D:8      | Found a hazy altar of Hepliaklqana.
  7521 | D:8      | Killed Grum
  7579 | D:8      | XOM: summons 2 hostile shadow creatures
  7612 | D:8      | XOM: 4-stop teleportation journey
  7640 | D:8      | XOM: 1-stop teleportation journey
  7646 | D:8      | XOM: god gift: crooked jewelled staff {god gift}
  7647 | D:8      | Reached skill level 8 in Fighting
  7930 | D:8      | XOM: give mutation
  7930 | D:8      | Gained mutation: You have sharp toenails. [Xom's grace]
  7991 | D:8      | XOM: polymorph steam dragon -> worm
  8249 | D:8      | Identified the +1 leather armour of Ethics {rF++ Will++
                  | Dex-2}
  8292 | D:8      | XOM: scenery: summon butterflies
  8370 | D:8      | XOM: give mutations
  8370 | D:8      | Gained mutation: You possess an exceptional clarity of
                  | mind. [Xom's grace]
  8370 | D:8      | Gained mutation: Your flesh is almost immune to the effects
                  | of cold. (rC+++) [Xom's grace]
  8370 | D:8      | Gained mutation: You have an increased reservoir of magic.
                  | (+10% MP) [Xom's grace]
  8370 | D:8      | Gained mutation: You have sharp fingernails. [Xom's grace]
  8437 | D:9      | XOM: summons 3 friendly demons
  8525 | D:9      | Noticed an orange demon
  8533 | D:9      | XOM: noise
  9056 | D:9      | XOM: god gift: 6 stones
  9122 | D:10     | Entered Level 10 of the Dungeon
  9150 | D:10     | XOM: 1-stop teleportation journey
  9249 | D:10     | Found a staircase to the Lair.
  9260 | D:10     | XOM: smoke on damage
  9430 | D:10     | XOM: give mutations
  9430 | D:10     | Gained mutation: You passively map the area around you.
                  | [Xom's grace]
  9430 | D:10     | Gained mutation: You passively dampen the noise of your
                  | surroundings. [Xom's grace]
  9430 | D:10     | Gained mutation: You passively map a large area around you.
                  | [Xom's grace]
  9430 | D:10     | Gained mutation: You are covered in fur. (AC +1) [Xom's
                  | grace]
  9452 | D:10     | XOM: god gift: book of Frost
  9777 | D:10     | Noticed a two-headed ogre
  9780 | D:10     | a two-headed ogre changed into an orb spider
  9780 | D:10     | Noticed an orb spider
  9780 | D:10     | XOM: polymorph two-headed ogre -> orb spider
  9790 | D:10     | Killed an orb spider
  9791 | D:10     | Reached skill level 9 in Fighting
  9978 | D:10     | XOM: noise
 10004 | D:10     | Reached XP level 11. HP: 108/115 MP: 3/12
 10011 | D:10     | XOM: enchant monster (good)
 10292 | D:11     | Noticed a steelbarb worm
 10292 | D:11     | XOM: cast spell 'Summon Mana Viper'
 10303 | D:11     | Killed a steelbarb worm
 10442 | D:11     | XOM: divination: magic mapping
 10452 | D:11     | XOM: 8-stop teleportation journey
 10784 | D:11     | XOM: cleaving
 10953 | D:11     | Noticed a two-headed ogre
 10965 | D:11     | Killed a two-headed ogre
 11108 | D:11     | XOM: blink monster(s)
 11544 | D:12     | Reached skill level 10 in Fighting
 11736 | D:12     | Noticed a two-headed ogre
 11759 | D:12     | Killed a two-headed ogre
 12001 | D:12     | XOM: silly message
 12056 | D:12     | Noticed a deep elf pyromancer
 12066 | D:12     | Killed a deep elf pyromancer
 12143 | D:12     | Noticed a two-headed ogre
 12143 | D:12     | XOM: 2-stop teleportation journey
 12149 | D:12     | XOM: cast spell 'Dispersal'
 12154 | D:12     | XOM: potion effect (berserk rage)
 12173 | D:12     | Killed a two-headed ogre
 12175 | D:12     | XOM: noise
 12178 | D:12     | Reached XP level 12. HP: 127/127 MP: 4/13
 12250 | D:12     | Found a staircase to the Orcish Mines.
 12309 | D:12     | Identified the scarf of the Untouchables {+Inv, rC+ Str+2
                  | Slay-2}
 12350 | D:12     | Noticed a two-headed ogre
 12358 | D:12     | Killed a two-headed ogre
 12408 | D:12     | XOM: noise
 12445 | D:12     | XOM: summons 7 hostile demons
 12474 | D:12     | Noticed a boulder beetle
 12476 | D:12     | Noticed a two-headed ogre
 12517 | D:12     | Killed a two-headed ogre
 12534 | D:12     | Killed a boulder beetle
 12758 | D:12     | Identified the +0 robe of Shadows and Fog {Int+2 Dex+3}
 12996 | D:13     | Noticed a centaur warrior
 12997 | D:13     | Noticed Maurice
 13005 | D:13     | Killed a centaur warrior
 13042 | D:13     | Noticed a boulder beetle
 13043 | D:13     | XOM: summons friendly quasit
 13044 | D:13     | XOM: cast spell 'Alistair's Intoxication'
 13073 | D:13     | XOM: swap monsters
 13082 | D:13     | XOM: cleaving
 13098 | D:13     | XOM: blink monster(s)
 13099 | D:13     | Killed Maurice
 13107 | D:13     | XOM: noise
 13134 | D:13     | Killed a boulder beetle
 13484 | D:13     | XOM: enchant monster (bad)
 13498 | D:13     | Reached skill level 11 in Fighting
 13530 | D:13     | Noticed a two-headed ogre
 13545 | D:13     | Killed a two-headed ogre
 13564 | D:13     | Noticed a centaur warrior
 13568 | D:13     | XOM: swap monsters
 13575 | D:13     | Killed a centaur warrior
 13576 | D:13     | Reached skill level 10 in Armour
 13739 | D:13     | Noticed a centaur warrior
 13740 | D:13     | XOM: chaos upgrade
 13751 | D:13     | XOM: smoke on damage
 13756 | D:13     | XOM: give mutations
 13756 | D:13     | Lost mutation: You are extremely robust. (+30% HP) [Xom's
                  | mischief]
 13756 | D:13     | Lost mutation: You are very robust. (+20% HP) [Xom's
                  | mischief]
 13756 | D:13     | Lost mutation: You have an increased reservoir of magic.
                  | (+10% MP) [Xom's mischief]
 13756 | D:13     | Lost mutation: You expend magic power (3 MP) to strengthen
                  | your wands. [Xom's mischief]
 13764 | D:13     | Killed a centaur warrior
 13765 | D:13     | Reached skill level 10 in Dodging
 14230 | D:13     | XOM: chaos cloud
 14246 | D:13     | XOM: destruction
 14252 | D:13     | XOM: swap monsters
 14259 | D:13     | XOM: scenery: create altars
 14268 | D:13     | XOM: divination: magic mapping
 14301 | D:13     | Noticed a vault guard
 14305 | D:13     | a vault guard changed into a spark wasp
 14305 | D:13     | Noticed a spark wasp
 14305 | D:13     | XOM: polymorph vault guard -> spark wasp
 14308 | D:13     | XOM: scenery: summon butterflies
 14320 | D:13     | XOM: 3-stop teleportation journey
 14371 | D:13     | XOM: give mutations
 14371 | D:13     | Gained mutation: You are strong-willed. (Will+) [Xom's
                  | grace]
 14371 | D:13     | Gained mutation: Your flesh is heat resistant. (rF+) [Xom's
                  | grace]
 14371 | D:13     | Gained mutation: Your natural rate of healing is unusually
                  | fast. [Xom's grace]
 14485 | D:13     | XOM: scenery: create altars
 14505 | D:13     | XOM: summons 3 friendly demons
 14545 | D:13     | Found a gate to the Vaults.
 14552 | D:13     | XOM: confuse monster(s)
 14558 | D:13     | XOM: scenery: summon butterflies
 14637 | D:13     | XOM: cleaving
 14640 | D:13     | XOM: cleaving
 14648 | D:13     | XOM: enchant monster (good)
 14655 | D:13     | Killed a spark wasp
 14870 | D:14     | XOM: god gift: 894 gold pieces
 14887 | D:14     | XOM: enchant monster (good)
 14907 | D:13     | Gained mutation: You have a pair of large antennae on your
                  | head. (SInv) [demonic ancestry]
 14907 | D:13     | Reached XP level 13. HP: 117/117 MP: 4/13
 14914 | D:13     | XOM: divination: detect items
 14915 | D:13     | XOM: cast spell 'Chain of Chaos'
 14991 | D:14     | Got the Folio of the Volley
 15006 | D:14     | Noticed Rupert
 15009 | D:14     | Paralysed by Rupert for 5 turns
 15025 | D:14     | XOM: fog
 15032 | D:14     | Killed Rupert
 15085 | D:14     | XOM: noise
 15136 | D:14     | Reached skill level 12 in Fighting
 15216 | D:14     | Reached skill level 10 in Polearms
 15285 | D:14     | XOM: cast spell 'Summon Dragon'
 15343 | D:14     | Found a frozen archway.
 15361 | D:14     | XOM: smoke on damage
 15380 | IceCv    | Entered an ice cave
 15380 | IceCv    | Noticed a white very ugly thing
 15388 | IceCv    | XOM: divination: detect items
 15392 | IceCv    | Found a transporter.
 15392 | IceCv    | Noticed a white very ugly thing
 15392 | IceCv    | XOM: 1-stop teleportation journey
 15393 | IceCv    | Found a transporter.
 15395 | IceCv    | XOM: enchant monster (good)
 15403 | IceCv    | Killed a white very ugly thing
 15412 | IceCv    | XOM: cast spell 'Summon Horrible Things'
 15587 | IceCv    | XOM: give mutations
 15587 | IceCv    | Gained mutation: You are partially covered in large bone
                  | plates. (SH +4) [Xom's grace]
 15587 | IceCv    | Gained mutation: You are highly strong-willed. (Will++)
                  | [Xom's grace]
 15587 | IceCv    | Gained mutation: Your spells are a little harder to cast,
                  | but a little more powerful. [Xom's grace]
 15587 | IceCv    | Gained mutation: You are very robust. (+20% HP) [Xom's
                  | grace]
 15626 | IceCv    | Killed a white very ugly thing
 15734 | D:14     | Identified a scroll of acquirement
 15734 | D:14     | Acquired 702 gold pieces
 16076 | D:12     | XOM: divination: detect items
 16166 | D:7      | Bought a wand of mindburst (17) for 71 gold pieces
 16264 | D:4      | XOM: give mutations
 16264 | D:4      | Gained mutation: You are extremely strong-willed. (Will+++)
                  | [Xom's grace]
 16264 | D:4      | Gained mutation: You have hidden genetic potential. [Xom's
                  | grace]
 16264 | D:4      | Gained mutation: You are covered in thick fur. (AC +2)
                  | [Xom's grace]
 16289 | D:2      | Bought a +4 ring of slaying for 1092 gold pieces
 16512 | D:10     | XOM: god gift: wand of charming (4)
 16524 | D:11     | XOM: silly message
 16578 | Orc:1    | Entered Level 1 of the Orcish Mines
 16684 | Orc:2    | Entered Level 2 of the Orcish Mines
 16684 | Orc:2    | Found a staircase to the Elven Halls.
 16769 | Orc:2    | XOM: silly message
 16806 | Orc:2    | XOM: 2-stop teleportation journey
 16895 | Orc:2    | XOM: summons friendly iron imp
 17017 | Orc:2    | XOM: cast spell 'Summon Horrible Things'
 17034 | Orc:2    | XOM: polymorph orc wizard -> glowing shapeshifter
 17067 | Orc:2    | Found a radiant altar of Vehumet.
 17068 | Orc:2    | Noticed Erolcha
 17080 | Orc:2    | Killed Erolcha
 17084 | Orc:2    | Found Heofie's Antique Weapon Emporium.
 17109 | Orc:2    | Found an ancient bone altar of Kikubaaqudgha.
 17144 | Orc:2    | XOM: confuse monster(s)
 17178 | Orc:2    | Found Gutoukho's Book Emporium.
 17203 | Orc:2    | Found Rumym's Antique Armour Shoppe.
 17273 | Orc:2    | Found Pesiw's Magic Scroll Shoppe.
 17279 | Orc:2    | Bought a pair of bloodstained boots for 323 gold pieces
 17279 | Orc:2    | Identified the +2 pair of boots of Roeli {Str+4 Dex+4} (You
                  | bought it in a shop on level 2 of the Orcish Mines)
 17291 | Orc:2    | Bought a shiny plate armour for 884 gold pieces
 17329 | Orc:2    | Bought a scroll of identify for 24 gold pieces
 17329 | Orc:2    | Bought a scroll of acquirement for 624 gold pieces
 17329 | Orc:2    | Bought a scroll of identify for 24 gold pieces
 17329 | Orc:2    | Bought a scroll of enchant weapon for 90 gold pieces
 17330 | Orc:2    | Acquired the +3 warlock's mirror {omnireflect}
 17330 | Orc:2    | Found the +3 warlock's mirror {omnireflect}
 17355 | Orc:2    | XOM: give mutations
 17355 | Orc:2    | Gained mutation: Your spells are harder to cast, but more
                  | powerful. [Xom's grace]
 17355 | Orc:2    | Gained mutation: A frigid envelope surrounds you and
                  | freezes all who hurt you. [Xom's grace]
 17355 | Orc:2    | Gained mutation: You expend magic power (3 MP) to
                  | strengthen your wands. [Xom's grace]
 17599 | Orc:2    | XOM: cast spell 'Death Channel'
 17604 | Orc:2    | XOM: noise
 17615 | Orc:2    | Gained mutation: You are surrounded by a mild repulsion
                  | field. (EV +2) [demonic ancestry]
 17615 | Orc:2    | Reached XP level 14. HP: 131/136 MP: 5/14
 17665 | Orc:2    | XOM: confuse monster(s)
 17744 | Orc:2    | Noticed an orc warlord
 17775 | Orc:2    | XOM: summons friendly shadow imp
 17783 | Orc:2    | XOM: confuse monster(s)
 17804 | Orc:2    | XOM: scenery: summon butterflies
 17808 | Orc:2    | Reached skill level 13 in Fighting
 17815 | Orc:2    | XOM: enchant monster (good)
 17817 | Orc:2    | XOM: confuse monster(s)
 17841 | Orc:2    | XOM: cast spell 'Discord'
 17846 | Orc:2    | Killed an orc warlord
 17875 | Orc:2    | Noticed an orc warlord
 17902 | Orc:2    | Killed an orc warlord
 17916 | Orc:2    | XOM: divination: detect creatures
 17920 | Orc:2    | XOM: confuse monster(s)
 17938 | Orc:2    | XOM: cast spell 'Olgreb's Toxic Radiance'
 17951 | Orc:2    | XOM: divination: magic mapping
 18019 | Orc:2    | XOM: silly message
 18720 | Lair:1   | Entered Level 1 of the Lair of Beasts
 18844 | Lair:1   | XOM: cast spell 'Cause Fear'
 18848 | Lair:1   | XOM: silly message
 18852 | Lair:1   | Noticed Gastronok
 18876 | Lair:1   | Killed Gastronok
 18934 | Lair:1   | XOM: noise
 18973 | Lair:1   | XOM: cloud trail
 19117 | Lair:1   | XOM: swap monsters
 19120 | Lair:1   | XOM: enchant monster (good)
 19237 | Lair:1   | Gained mutation: You heal very quickly. [hidden potential]
 19840 | Lair:2   | Found a runed translucent gate.
 19840 | Lair:2   | Found a runed translucent gate.
 19840 | Lair:2   | Found a runed translucent gate.
 19840 | Lair:2   | XOM: 2-stop teleportation journey
 20040 | Lair:2   | XOM: summons 1 hostile shadow creature
 20258 | Lair:2   | Noticed laqueoix's ghost (journeyman TeRe)
 20261 | Lair:2   | Found a viscous altar of Jiyva.
 20317 | Lair:2   | XOM: smoke on damage
 20355 | Lair:2   | Killed laqueoix's ghost
 20369 | Lair:2   | Identified the +8 morningstar of World Downfall {flame, Fly
                  | rN+ Str-5 Stlth+}
 20393 | Lair:2   | Gained mutation: You are mostly covered in sharp spines.
                  | [demonic ancestry]
 20393 | Lair:2   | Reached XP level 15. HP: 150/150 MP: 6/15
 20569 | Lair:3   | XOM: 1-stop teleportation journey
 20663 | Lair:3   | Found a staircase to the Shoals.
 20873 | Lair:3   | Found a staircase to the Snake Pit.
 20887 | Lair:3   | XOM: noise
 20924 | Lair:3   | XOM: summons 8 hostile demons
 20996 | Lair:3   | XOM: 1-stop teleportation journey
 21003 | Lair:3   | Reached skill level 14 in Fighting
 21049 | Lair:3   | XOM: give mutation
 21049 | Lair:3   | Lost mutation: Your muscles are strong. (Str +4, Int/Dex
                  | -1) [Xom's mischief]
 21117 | Lair:3   | XOM: polymorph wyvern -> black bear
 21371 | Lair:3   | You fall into a shaft and drop 1 floor!
 21629 | Lair:4   | XOM: cloud trail
 21737 | Lair:4   | XOM: enchant monster (bad)
 21751 | Lair:4   | XOM: confuse monster(s)
 22574 | Lair:5   | Entered Level 5 of the Lair of Beasts
 22574 | Lair:5   | Noticed Kirke
 22575 | Lair:5   | XOM: enchant monster (good)
 22583 | Lair:5   | Kirke changed into Kirke the hog
 22583 | Lair:5   | Noticed Kirke
 22594 | Lair:5   | Killed Kirke the hog
 22608 | Lair:5   | XOM: confuse monster(s)
 22707 | Lair:5   | Gained mutation: Your hexes are more powerful. [demonic
                  | ancestry]
 22707 | Lair:5   | Reached XP level 16. HP: 160/160 MP: 7/16
 22730 | Lair:5   | Got the Collected Works on Vexing Support
 22739 | Lair:5   | XOM: summons 3 friendly demons
 22834 | Lair:5   | Noticed Josephine
 22834 | Lair:5   | XOM: 9-stop teleportation journey
 22851 | Lair:5   | XOM: scenery: create altars
 22853 | Lair:5   | XOM: summons friendly white imp
 22863 | Lair:5   | Killed Josephine
 23013 | Lair:5   | Paralysed by a hornet for 2 turns
 23085 | Lair:5   | Gained mutation: Your system is resistant to poisons.
                  | (rPois) [hidden potential]
 23085 | Lair:5   | Lost mutation: You have hidden genetic potential. [hidden
                  | potential expressed]
 23291 | Lair:5   | Found a runed translucent door.
 23291 | Lair:5   | Found a viscous altar of Jiyva.
 23294 | Lair:5   | Found a staircase to the Slime Pits.
 23430 | Lair:5   | XOM: summons friendly white imp
 23444 | Lair:5   | XOM: noise
 23584 | Lair:5   | XOM: summons 3 friendly demons
 24452 | D:15     | Entered Level 15 of the Dungeon
 24452 | D:15     | XOM: cast spell 'Summon Mana Viper'
 24459 | D:15     | XOM: cast spell 'Leda's Liquefaction'
 24489 | D:15     | XOM: confuse monster(s)
 24764 | D:15     | XOM: enchant monster (bad)
 24768 | D:15     | XOM: enchant monster (good)
 24769 | D:15     | XOM: summons friendly quasit
 24775 | D:15     | XOM: 5-stop teleportation journey
 24838 | D:15     | Found Rieri's Weapon Emporium.
 24917 | D:15     | XOM: scenery: create altars
 24953 | D:15     | XOM: summons 13 friendly demons
 24982 | D:15     | XOM: cast spell 'Death Channel'
 25006 | D:15     | Found a staircase to the Depths.
 25030 | D:15     | Reached skill level 15 in Fighting
 25039 | D:15     | XOM: scenery: summon butterflies
 25057 | D:15     | XOM: cloud trail
 25147 | D:15     | XOM: summons 5 friendly demons
 25201 | D:15     | XOM: give mutations
 25201 | D:15     | Lost mutation: You have sharp toenails. [Xom's grace]
 25201 | D:15     | Gained mutation: You have large cloven feet. [Xom's grace]
 25201 | D:15     | Gained mutation: You are resistant to electric shocks.
                  | (rElec) [Xom's grace]
 25201 | D:15     | Gained mutation: You are extremely robust. (+30% HP) [Xom's
                  | grace]
 25443 | Snake:1  | Entered Level 1 of the Snake Pit
 25498 | Snake:1  | XOM: divination: detect creatures
 25562 | Snake:1  | XOM: potion effect (curing)
 25573 | Snake:1  | XOM: potion effect (berserk rage)
 25639 | Snake:1  | XOM: potion effect (invisibility)
 25680 | Snake:1  | Identified the +8 short sword of Death's Door {venom, Int+3
                  | Dex+4}
 25699 | Snake:1  | Identified the +8 dagger "Peojuyf" {spect, rC+ Will- Str+3}
 25742 | Snake:1  | XOM: cast spell 'Summon Ice Beast'
 26035 | Snake:1  | XOM: enchant monster (bad)
 26036 | Snake:1  | XOM: confuse monster(s)
 26088 | Snake:1  | XOM: silly message
 26171 | Snake:1  | XOM: divination: detect items
 26322 | Snake:2  | XOM: divination: magic mapping
 26328 | Snake:2  | XOM: noise
 26358 | Snake:2  | Found Mepsakh's Distillery.
 26390 | Snake:2  | XOM: cast spell 'Chain of Chaos'
 26394 | Snake:2  | XOM: fog
 26405 | Snake:2  | Bought a potion of heal wounds for 70 gold pieces
 26405 | Snake:2  | Bought a potion of heal wounds for 70 gold pieces
 26405 | Snake:2  | Bought a potion of haste for 140 gold pieces
 26551 | Snake:2  | XOM: 1-stop teleportation journey
 26561 | Snake:2  | XOM: give mutation
 26561 | Snake:2  | Lost mutation: You are resistant to electric shocks.
                  | (rElec) [Xom's mischief]
 26590 | Snake:2  | XOM: confuse monster(s)
 26595 | Snake:2  | XOM: 2-stop teleportation journey
 26619 | Snake:2  | Found Bolob's Weapon Emporium.
 26657 | Snake:2  | Reached XP level 17. HP: 184/184 MP: 8/17
 26874 | Snake:2  | Found Nucumneomn's Magic Scroll Shop.
 26880 | Snake:2  | Bought a scroll of summoning for 133 gold pieces
 26880 | Snake:2  | Bought a scroll of enchant weapon for 105 gold pieces
 26880 | Snake:2  | Bought a scroll of identify for 28 gold pieces
 26880 | Snake:2  | Bought a scroll of enchant weapon for 105 gold pieces
 26946 | Snake:2  | XOM: scenery: create altars
 27062 | Snake:2  | XOM: 2-stop teleportation journey
 27141 | Snake:2  | XOM: give mutations
 27141 | Snake:2  | Gained mutation: You have hoof-like feet. [Xom's grace]
 27141 | Snake:2  | Gained mutation: You have hooves in place of feet. [Xom's
                  | grace]
 27141 | Snake:2  | Gained mutation: You have hidden genetic potential. [Xom's
                  | grace]
 27249 | Snake:2  | XOM: give mutations
 27249 | Snake:2  | Gained mutation: You are agile. (Dex +4, Str/Int -1) [Xom's
                  | grace]
 27249 | Snake:2  | Gained mutation: You have great hidden genetic potential.
                  | [Xom's grace]
 27249 | Snake:2  | Gained mutation: You regenerate. [Xom's grace]
 27424 | Snake:3  | XOM: god gift: 58 gold pieces
 27471 | Snake:3  | Noticed Korch's ghost (journeyman AtBe)
 27491 | Snake:3  | Found a transporter.
 27548 | Snake:3  | Found a transporter.
 27571 | Snake:3  | XOM: summons 4 friendly demons
 27575 | Snake:3  | XOM: potion effect (brilliance)
 27591 | Snake:3  | XOM: summons 9 friendly demons
 27608 | Snake:3  | Killed Korch's ghost
 27796 | Snake:3  | XOM: polymorph salamander -> shapeshifter
 28070 | Snake:3  | XOM: summons 3 friendly demons
 28098 | Snake:3  | XOM: summons 4 friendly demons
 28099 | Snake:3  | XOM: destruction
 28110 | Snake:3  | XOM: potion effect (brilliance)
 28242 | Snake:3  | XOM: potion effect (haste)
 28348 | Snake:3  | XOM: polymorph black mamba -> shapeshifter
 28362 | Snake:3  | Reached skill level 16 in Fighting
 28469 | Snake:4  | Entered Level 4 of the Snake Pit
 28473 | Snake:4  | Noticed Vashnia
 28500 | Snake:4  | XOM: swap monsters
 28520 | Snake:4  | XOM: repel stairs
 28524 | Snake:4  | XOM: summons 2 hostile shadow creatures
 28548 | Snake:4  | Killed Vashnia
 28646 | Snake:4  | XOM: blink monster(s)
 28691 | Snake:4  | XOM: 1-stop teleportation journey
 28710 | Snake:4  | XOM: noise
 28728 | Snake:4  | XOM: polymorph salamander mystic -> slime creature
 28751 | Snake:4  | XOM: swap monsters
 28761 | Snake:4  | XOM: smoke on damage
 28770 | Snake:4  | XOM: blink monster(s)
 28784 | Snake:4  | XOM: potion effect (brilliance)
 28800 | Snake:4  | Reached skill level 15 in Armour
 28807 | Snake:4  | XOM: cast spell 'Summon Small Mammal'
 28810 | Snake:4  | XOM: confuse monster(s)
 28823 | Snake:4  | XOM: fog
 28828 | Snake:4  | XOM: 2-stop teleportation journey
 28894 | Snake:4  | Found Vifaet's Jewellery Emporium.
 28908 | Snake:4  | XOM: cast spell 'Alistair's Intoxication'
 28916 | Snake:4  | XOM: give mutations
 28916 | Snake:4  | Gained mutation: You are very agile. (Dex +8, Str/Int -2)
                  | [Xom's grace]
 28916 | Snake:4  | Gained mutation: Your skin changes colour to match your
                  | surroundings (Stealth+). [Xom's grace]
 29024 | Snake:4  | XOM: summons friendly iron imp
 29025 | Snake:4  | XOM: cleaving
 29080 | Snake:4  | XOM: polymorph iron imp -> quasit
 29100 | Snake:4  | XOM: 1-stop teleportation journey
 29211 | Snake:4  | XOM: 5-stop teleportation journey
 29224 | Snake:4  | Reached skill level 15 in Dodging
 29224 | Snake:4  | XOM: fog
 29241 | Snake:4  | XOM: 1-stop teleportation journey
 29279 | Snake:4  | XOM: god gift: +0 pair of gloves of stealth
 29457 | Snake:4  | XOM: noise
 29526 | Snake:4  | XOM: divination: detect creatures
 29529 | Snake:4  | XOM: enchant monster (good)
 29537 | Snake:4  | XOM: smoke on damage
 29597 | Snake:4  | XOM: 4-stop teleportation journey
 29745 | Snake:4  | XOM: summons friendly crimson imp
 29793 | Snake:4  | XOM: summons 8 friendly demons
 29819 | Snake:4  | XOM: confuse monster(s)
 29861 | Snake:4  | Gained mutation: Your melee attacks may debilitate your
                  | foes. [demonic ancestry]
 29861 | Snake:4  | Reached XP level 18. HP: 198/198 MP: 9/18
 29866 | Snake:4  | XOM: summons friendly smoke demon
 29894 | Snake:4  | Gained mutation: Your muscles are strong. (Str +4, Int/Dex
                  | -1) [hidden potential]
 29911 | Snake:4  | XOM: snakes to sticks
 29941 | Snake:4  | Got a serpentine rune of Zot
 29988 | Snake:4  | XOM: give mutations
 29988 | Snake:4  | Gained mutation: Your muscles are very strong. (Str +8,
                  | Int/Dex -2) [Xom's grace]
 29988 | Snake:4  | Gained mutation: You have an increased reservoir of magic.
                  | (+10% MP) [Xom's grace]
 29988 | Snake:4  | Gained mutation: Your spells are much harder to cast, but
                  | much more powerful. [Xom's grace]
 29988 | Snake:4  | Gained mutation: You have a considerably increased
                  | reservoir of magic. (+20% MP) [Xom's grace]
 30130 | Snake:4  | XOM: scenery: summon butterflies
 30240 | Shoals:1 | Entered Level 1 of the Shoals
 30263 | Shoals:1 | XOM: divine lightning
 30860 | Shoals:1 | XOM: cleaving
 30861 | Shoals:1 | XOM: divine lightning
 30980 | Shoals:2 | XOM: polymorph merfolk -> elephant
 31125 | Shoals:2 | Got Kuul's Disquisition on Stony Evil Spells
 31186 | Shoals:2 | Noticed Louise
 31215 | Shoals:2 | Killed Louise
 31216 | Shoals:2 | Reached skill level 15 in Polearms
 31309 | Shoals:2 | XOM: scenery: create altars
 31336 | Shoals:2 | Reached skill level 17 in Fighting
 31363 | Shoals:2 | XOM: cast spell 'Statue Form'
 31422 | Shoals:2 | XOM: god gift: +1 quarterstaff of chaos
 31477 | Shoals:2 | Found a shimmering altar of Xom.
 31522 | Shoals:3 | XOM: stealth player
 31664 | Shoals:3 | XOM: 3-stop teleportation journey
 32087 | Shoals:3 | Lost mutation: You have great hidden genetic potential.
                  | [potion of mutation]
 32087 | Shoals:3 | Lost mutation: You passively dampen the noise of your
                  | surroundings. [potion of mutation]
 32088 | Shoals:3 | Lost mutation: You regenerate. [potion of mutation]
 32088 | Shoals:3 | Lost mutation: Your spells are much harder to cast, but
                  | much more powerful. [potion of mutation]
 32088 | Shoals:3 | Gained mutation: You are resistant to electric shocks.
                  | (rElec) [potion of mutation]
 32089 | Shoals:3 | Lost mutation: A frigid envelope surrounds you and freezes
                  | all who hurt you. [potion of mutation]
 32089 | Shoals:3 | Lost mutation: You heal very quickly. [potion of mutation]
 32090 | Shoals:3 | Lost mutation: Your skin changes colour to match your
                  | surroundings (Stealth+). [potion of mutation]
 32090 | Shoals:3 | Lost mutation: Your flesh is almost immune to the effects
                  | of cold. (rC+++) [potion of mutation]
 32090 | Shoals:3 | Lost mutation: Your natural rate of healing is unusually
                  | fast. [potion of mutation]
 32090 | Shoals:3 | Lost mutation: You have a somewhat thin skeletal structure.
                  | (Dex +2, Stealth+) [potion of mutation]
 32090 | Shoals:3 | Lost mutation: You possess an exceptional clarity of mind.
                  | [potion of mutation]
 32092 | Shoals:4 | Entered Level 4 of the Shoals
 32098 | Shoals:4 | XOM: summons 2 friendly demons
 32103 | Shoals:4 | XOM: scenery: create altars
 32129 | Shoals:4 | XOM: enchant monster (good)
 32137 | Shoals:4 | XOM: scenery: summon butterflies
 32153 | Shoals:4 | XOM: cast spell 'Metabolic Englaciation'
 32168 | Shoals:4 | XOM: 3-stop teleportation journey
 32169 | Shoals:4 | XOM: summons friendly white imp
 32172 | Shoals:4 | XOM: cleaving
 32181 | Shoals:4 | XOM: summons friendly white imp
 32190 | Shoals:4 | XOM: cleaving
 32319 | Shoals:4 | XOM: silly message
 32399 | Shoals:4 | XOM: give mutation
 32399 | Shoals:4 | Lost mutation: Your mind is very acute. (Int +8, Str/Dex
                  | -2) [Xom's mischief]
 32450 | Shoals:4 | XOM: confusion (+ monsters)
 32506 | Shoals:4 | Identified the +0 leather armour "Eshu" {MP+9}
 32531 | Shoals:4 | XOM: polymorph wind drake -> glowing shapeshifter
 32594 | Shoals:4 | Got a barnacled rune of Zot
 32675 | Shoals:4 | XOM: divination: detect items
 32838 | Shoals:4 | Identified the +1 falchion of Ru's Fury {venom, rPois rN+
                  | Int+4}
 32867 | Shoals:4 | XOM: divination: detect creatures
 33054 | Shoals:4 | XOM: noise
 33318 | Shoals:4 | XOM: potion effect (haste)
 33804 | Elf:1    | Entered Level 1 of the Elven Halls
 33862 | Elf:1    | Found a shimmering blue altar of Sif Muna.
 33903 | Elf:1    | Reached XP level 19. HP: 210/210 MP: 22/22
 33943 | Elf:1    | XOM: summons 4 friendly demons
 33957 | Elf:1    | XOM: divine lightning
 33967 | Elf:1    | XOM: divine lightning
 33972 | Elf:1    | Gained mutation: Your mind is very acute. (Int +8, Str/Dex
                  | -2) [hidden potential]
 33972 | Elf:1    | Lost mutation: You have hidden genetic potential. [hidden
                  | potential expressed]
 33999 | Elf:1    | XOM: summons 9 friendly demons
 34017 | Elf:1    | XOM: divination: magic mapping
 34111 | Elf:1    | Got Sif Muna's Annotations on the Comitatus
 34170 | Elf:1    | XOM: potion effect (invisibility)
 34386 | Elf:1    | Found a portal to a secret trove of treasure.
 34612 | Elf:2    | XOM: 4-stop teleportation journey
 34862 | Elf:2    | Found a huge runed translucent gate.
 34862 | Elf:2    | Found a huge runed translucent gate.
 34862 | Elf:2    | Found a huge runed translucent gate.
 34862 | Elf:2    | Found a huge runed translucent gate.
 34862 | Elf:2    | Found a huge runed translucent gate.
 34935 | Elf:2    | Found Qoigit Deulu's Book Shop.
 34941 | Elf:2    | Reached skill level 18 in Fighting
 34970 | Elf:2    | Paralysed by an air elemental for 1 turns
 35007 | Elf:2    | XOM: give mutations
 35007 | Elf:2    | Lost mutation: You are covered in thick fur. (AC +2) [Xom's
                  | mischief]
 35007 | Elf:2    | Lost mutation: Your muscles are very strong. (Str +8,
                  | Int/Dex -2) [Xom's mischief]
 35007 | Elf:2    | Lost mutation: You are partially covered in large bone
                  | plates. (SH +4) [Xom's mischief]
 35007 | Elf:2    | Lost mutation: You have hooves in place of feet. [Xom's
                  | mischief]
 35026 | Elf:2    | XOM: fake destruction
 35243 | Elf:2    | XOM: summons friendly chaos spawn
 35296 | Elf:2    | XOM: cloud trail
 35370 | Elf:2    | XOM: potion effect (invisibility)
 35560 | Elf:2    | XOM: summons 5 friendly demons
 35590 | Elf:2    | XOM: silly message
 35680 | Elf:2    | XOM: noise
 35790 | Elf:2    | XOM: give mutations
 35790 | Elf:2    | Lost mutation: You are extremely strong-willed. (Will+++)
                  | [Xom's mischief]
 35790 | Elf:2    | Lost mutation: You are very agile. (Dex +8, Str/Int -2)
                  | [Xom's mischief]
 35790 | Elf:2    | Lost mutation: Your flesh is very cold resistant. (rC++)
                  | [Xom's mischief]
 35859 | Elf:2    | XOM: god gift: potion of invisibility
 35930 | Elf:3    | Entered Level 3 of the Elven Halls
 35948 | Elf:3    | Reached skill level 1 in Stealth
 35974 | Elf:3    | Paralysed by an air elemental for 1 turns
 36069 | Elf:3    | XOM: noise
 36195 | Elf:3    | XOM: confusion (+ monsters)
 36201 | Elf:3    | XOM: divination: magic mapping
 36318 | Elf:3    | XOM: summons friendly white imp
 36376 | Elf:3    | XOM: enchant monster (bad)
 36382 | Elf:3    | XOM: 4-stop teleportation journey
 36394 | Elf:3    | XOM: divination: detect creatures
 36405 | Elf:3    | Noticed a Tzitzimitl
 36407 | Elf:3    | Noticed a Tzitzimitl
 36408 | Elf:3    | XOM: fake destruction
 36410 | Elf:3    | HP: 1/195 [ghostly deep elf master archer/arrow (25)]
 36664 | Elf:3    | XOM: potion effect (attraction)
 37015 | Elf:3    | XOM: cleaving
 37081 | Elf:3    | XOM: scenery: summon butterflies
 37159 | Elf:3    | XOM: divination: detect items
 37188 | Elf:3    | XOM: silly message
 37190 | Elf:3    | XOM: summons 3 friendly demons
 37191 | Elf:3    | XOM: confusion (+ monsters)
 37203 | Elf:3    | XOM: potion effect (brilliance)
 37205 | Elf:3    | Identified the ring "Tolis" {rCorr MP+9 Str+3 SInv}
 37218 | Elf:3    | Identified the ring "Woer" {rF+ MP+9}
 37220 | Elf:3    | XOM: confuse monster(s)
 37229 | Elf:3    | Reached skill level 5 in Stealth
 37233 | Elf:3    | XOM: summons 4 friendly demons
 37254 | Elf:3    | XOM: cast spell 'Olgreb's Toxic Radiance'
 37256 | Elf:3    | XOM: noise
 37273 | Elf:3    | Reached XP level 20. HP: 184/223 MP: 15/24
 37322 | Elf:3    | XOM: summons 4 friendly demons
 37322 | Elf:3    | HP: 2/223 [hellion/damnation[a deep elf demonologist] (24)]
 37325 | Elf:3    | XOM: potion effect (berserk rage)
 37743 | Elf:3    | XOM: cleaving
 37840 | Elf:3    | XOM: scenery: summon butterflies
 37841 | Elf:3    | XOM: scenery: summon butterflies
 38023 | Elf:3    | XOM: cloud trail
 38195 | Elf:3    | Identified the staff of cold "Need Gal" {rF+ rC+ rN+ Int+6}
 38197 | Elf:3    | Identified the +0 fire dragon scales "Ruibil" {+Inv Fly
                  | rPois rF++ rC-}
 38212 | Elf:3    | Identified the staff of fire "Nirphyni" {rPois rF+ Int+3
                  | Dex-5}
 38310 | Elf:3    | XOM: noise
 38327 | Elf:3    | XOM: cloud trail
 38531 | Elf:1    | You paid a toll of 6 scrolls of fear to enter a treasure
                  | trove
 38532 | Trove    | Entered a treasure trove
 38568 | Trove    | Got Fethrut's Vellum of the Voyage and Contaminants
 38574 | Trove    | Got Sif Muna's Parchment of Twisted Malisons
 38785 | Depths:1 | Entered Level 1 of the Depths
 38786 | Depths:1 | XOM: confuse monster(s)
 38916 | Depths:1 | XOM: silly message
 38927 | Depths:1 | XOM: confusion (+ monsters)
 38930 | Depths:1 | XOM: enchant monster (bad)
 38998 | D:15     | XOM: divination: magic mapping
 39039 | D:15     | XOM: polymorph brown ugly thing -> red ugly thing
 39069 | D:15     | XOM: cleaving
 39182 | Depths:1 | XOM: enchant monster (good)
 39294 | Depths:1 | XOM: confuse monster(s)
 39316 | Depths:1 | XOM: polymorph deep troll earth mage -> sea snake
 39332 | Depths:1 | XOM: enchant monster (good)
 39334 | Depths:1 | XOM: enchant monster (good)
 39354 | Depths:1 | XOM: enchant monster (good)
 39408 | Depths:1 | XOM: fog
 39410 | Depths:1 | XOM: potion effect (invisibility)
 39569 | Depths:1 | XOM: blink monster(s)
 39601 | Depths:1 | XOM: blink monster(s)
 39607 | Depths:1 | XOM: divination: magic mapping
 39733 | Depths:1 | XOM: confuse monster(s)
 39902 | Depths:1 | XOM: smoke on damage
 39910 | Depths:1 | XOM: enchant monster (bad)
 40208 | Depths:1 | XOM: noise
 40328 | Depths:1 | XOM: 6-stop teleportation journey
 40361 | Depths:1 | XOM: 1-stop teleportation journey
 40520 | Depths:1 | XOM: noise
 40686 | Depths:1 | Found a gateway to Hell.
 40688 | Depths:1 | XOM: 9-stop teleportation journey
 41070 | Depths:2 | XOM: fog
 41077 | Depths:2 | XOM: potion effect (brilliance)
 41136 | Depths:2 | XOM: cast spell 'Olgreb's Toxic Radiance'
 41179 | Depths:2 | Reached skill level 19 in Fighting
 41244 | Depths:2 | Noticed a caustic shrike
 41272 | Depths:2 | XOM: fake destruction
 41291 | Depths:2 | XOM: summons 8 friendly demons
 41308 | Depths:2 | Killed a caustic shrike
 41368 | Depths:2 | Noticed a golden dragon
 41575 | Depths:2 | Killed a golden dragon
 41590 | Depths:2 | XOM: enchant monster (bad)
 41759 | Depths:2 | XOM: divination: magic mapping
 41820 | Depths:2 | Found a one-way gate leading to the halls of Pandemonium.
 42061 | Depths:2 | XOM: 2-stop teleportation journey
 42062 | Depths:2 | Lost mutation: Your muscles are strong. (Str +4, Int/Dex
                  | -1) [a shining eye]
 42105 | Depths:2 | XOM: cast spell 'Chain of Chaos'
 42128 | Depths:2 | Noticed a juggernaut
 42143 | Depths:2 | XOM: 2-stop teleportation journey
 42231 | Depths:2 | Found Robuekysch's Assorted Antiques.
 42233 | Depths:2 | Found Daseyx's Book Boutique.
 42233 | Depths:2 | Found Yfixehink's Antique Armour Shop.
 42238 | Depths:2 | Bought a potion of curing for 120 gold pieces
 42238 | Depths:2 | Bought a potion of curing for 120 gold pieces
 42238 | Depths:2 | Found Nekovith's Assorted Antiques.
 42243 | Depths:2 | Bought a pair of ancient gloves for 218 gold pieces
 42243 | Depths:2 | Identified the -1 pair of gloves of the Manifold Runes
                  | {+Blink Regen+ Str-4} (You bought it in a shop on level 2
                  | of the Depths)
 42243 | Depths:2 | Bought a glowing cloak for 172 gold pieces
 42258 | Depths:2 | Bought a potion of heal wounds for 230 gold pieces
 42258 | Depths:2 | Bought a glowing cloak for 345 gold pieces
 42396 | Depths:2 | XOM: scenery: 1 doors close
 42478 | Depths:2 | XOM: god gift: giant spiked club {god gift}
 42507 | Depths:2 | Noticed a golden dragon
 42512 | Depths:2 | Noticed a golden dragon
 42515 | Depths:2 | XOM: cast spell 'Metabolic Englaciation'
 42522 | Depths:2 | XOM: confuse monster(s)
 42536 | Depths:2 | XOM: enchant monster (good)
 42562 | Depths:2 | XOM: summons 5 friendly demons
 42576 | Depths:2 | Killed a juggernaut
 42577 | Depths:2 | XOM: divination: detect items
 42581 | Depths:2 | XOM: silly message
 42596 | Depths:2 | Killed a golden dragon
 42603 | Depths:2 | XOM: divination: detect creatures
 42604 | Depths:2 | Killed a golden dragon
 42605 | Depths:2 | XOM: summons 1 hostile demon
 42611 | Depths:2 | XOM: swap monsters
 42612 | Depths:2 | XOM: noise
 42620 | Depths:2 | XOM: silly message
 42621 | Depths:2 | XOM: give mutations
 42621 | Depths:2 | Lost mutation: Your mind is very acute. (Int +8, Str/Dex
                  | -2) [Xom's mischief]
 42621 | Depths:2 | Lost mutation: You have a considerably increased reservoir
                  | of magic. (+20% MP) [Xom's mischief]
 42621 | Depths:2 | Lost mutation: You have hoof-like feet. [Xom's mischief]
 42666 | Depths:2 | XOM: stat loss: -1 Dex (20/21)
 42710 | Depths:2 | XOM: potion effect (curing)
 42715 | Depths:2 | XOM: god gift: 7 stones
 42722 | Depths:2 | XOM: confuse monster(s)
 42968 | Depths:2 | a shadow dragon changed into a golden dragon
 42968 | Depths:2 | Noticed a golden dragon
 42968 | Depths:2 | XOM: polymorph shadow dragon -> golden dragon
 42970 | Depths:2 | XOM: chaos cloud
 42972 | Depths:2 | Paralysed by you for 5 turns
 42988 | Depths:2 | Killed a golden dragon
 43116 | Depths:2 | XOM: give mutations
 43116 | Depths:2 | Lost mutation: You are covered in fur. (AC +1) [Xom's
                  | mischief]
 43116 | Depths:2 | Lost mutation: You have large cloven feet. [Xom's mischief]
 43116 | Depths:2 | Lost mutation: Your flesh is heat resistant. (rF+) [Xom's
                  | mischief]
 43158 | Depths:2 | Noticed a caustic shrike
 43172 | Depths:2 | Killed a caustic shrike
 43273 | Depths:2 | Got the Notes on the Nival Blink Frog
 43350 | Depths:2 | XOM: fog
 43590 | Depths:3 | XOM: chaos upgrade
 43668 | Depths:3 | XOM: chaos upgrade
 43679 | Depths:3 | XOM: cast spell 'Call Canine Familiar'
 43696 | Depths:3 | XOM: smoke on damage
 43701 | Depths:3 | XOM: summons 1 hostile shadow creature
 43831 | Depths:3 | Noticed Sojobo
 43832 | Depths:3 | XOM: confuse monster(s)
 43839 | Depths:3 | Reached skill level 10 in Stealth
 43854 | Depths:3 | Killed Sojobo
 43864 | Depths:3 | Gained mutation: You are surrounded by a moderate repulsion
                  | field. (EV +3) [demonic ancestry]
 43864 | Depths:3 | Reached XP level 21. HP: 234/234 MP: 14/23
 43908 | Depths:3 | XOM: divination: magic mapping
 43914 | Depths:3 | XOM: enchant monster (good)
 43915 | Depths:3 | XOM: enchant monster (good)
 43918 | Depths:3 | XOM: blink monster(s)
 43927 | Depths:3 | XOM: smoke on damage
 43941 | Depths:3 | XOM: enchant monster (good)
 43984 | Depths:3 | Paralysed by a floating eye for 4 turns
 44030 | Depths:3 | XOM: confusion (+ monsters)
 44037 | Depths:3 | Killed from afar by a tengu reaver

Illustrated notes

Levels and vault maps discovered:
D:1:      dpeg_arrival_arbitrary_a, layout_basic, serial_shops,
          nicolae_diamond_shop
D:2:      layout_basic, serial_shops, nicolae_shop_tiny_real_fake_doors,
          chequers_serial_rivers_micro_e, st_stairs_3
D:3:      layout_loops_corners, nicolae_ecumenical_lake_church, st_stairs_13,
          serial_bayou_lagoon_a, uniq_robin, uniq_grinder
D:4:      layout_loops_cross, nicolae_gozag_cash_rules_everything_around_me,
          elyvilon_altar_3
D:5:      cheibrodos_thug_alley, layout_loops_corners, serial_undead,
          serial_undead_d, serial_undead_c, serial_undead_c, serial_undead_a,
          minivault_1, uniq_crazy_yiuf_cottage
D:6:      minmay_cornered_nines, layout_basic,
          grunt_temple_overflow_order_and_chaos_1, uniq_duvessa
D:7:      layout_gridville, fiery_altar_vehumet, minmay_temple_entry_poolview,
          nicolae_shop_clearance, uniq_joseph
D:8:      layout_cave_pools, mainiacjoe_overflow_alcove_2,
          grunt_dithmenos_smoke_and_mirrors, minmay_increasing_density,
          uniq_grum
D:9:      layout_big_octagon, serial_ice, serial_ice_h, serial_ice_f,
          serial_ice_e, serial_ice_b
D:10:     layout_roguey, erik_lair_orcish_takeover,
          chequers_serial_rivers_room_a, blue_anna_alchemist
D:11:     layout_roguey, minivault_19
D:12:     layout_rooms, minmay_orc_entry_temple_large,
          nicolae_kite_square_tiling_tiny
D:13:     layout_loops_ring, grunt_vaults_entry_tiered, nrook_campfire,
          uniq_maurice
D:14:     layout_small_grid, portal_ice_cave_entry_ice_statue_two,
          minmay_misc_feat_tiny, uniq_rupert
D:15:     gammafunk_enter_depths_forms, layout_basic, nrook_mini_vaults,
          serial_shops, nicolae_shop_getting_attention, grunt_decor_clamped
Lair:1:   layout_gridlike, nicolae_quartered_pool_impasse,
          dreamdust_gnoll_shepherd, uniq_gastronok
Lair:2:   layout_gridlike, gammafunk_ghost_ooze, serial_bayou_shore_a
Lair:3:   layout_regular_city, shoals_dummy_entry,
          minmay_snake_entry_six_corridors
Lair:4:   nzn_winding_woodlands_cross
          [nzn_winding_woodlands_5x15_pathside_ponds,
          nzn_winding_woodlands_5x15_default, nzn_winding_woodlands_5x15_parted,
          nzn_winding_woodlands_5x15_zeroes,
          nzn_winding_woodlands_15x15_boxy_spiral], layout_cave_pods
Lair:5:   minmay_lair_end_enchanted_forest, layout_layer_cave, slime_entry_2,
          uniq_kirke, uniq_josephine
Shoals:1: argonaut_golden_fleece, layout_shoals
Shoals:2: layout_shoals, lemuel_centaur_altar, uniq_louise
Shoals:3: layout_shoals, ldierk_geyser
Shoals:4: shoals_end_grunt_ice, layout_shoals
Snake:1:  layout_onion, nicolae_snake_boneroom
Snake:2:  layout_onion, serial_shops, shop, nicolae_shop_bloodbath_and_beyond,
          shop, serial_bayou_shore_b
Snake:3:  layout_onion_interference, gammafunk_ghost_arena, grunt_ministairs_4,
          drop_trap
Snake:4:  snake_pit_salamanders_mu, layout_cave_shapes, serial_shops,
          nicolae_shop_waterfront, uniq_vashnia
Orc:1:    layout_caves, uniq_urug, uniq_nergalle
Orc:2:    kennysheep_orc_mage_school, layout_caves, minmay_orc_treasury
Elf:1:    elf_arrival_002, layout_rooms, enter_trove_2, basic_altar,
          minmay_elf_demonology
Elf:2:    elven_hall_of_blades_hangedman_alternative
          [nicolae_blade_entry_hurt_lockers], layout_onion_city, serial_shops,
          nicolae_shop_tiny_real_fake_doors
Elf:3:    elf_hall, layout_loops_ring, nicolae_elf_martial_mastery
Depths:1: layout_basic, hell_entry, minmay_misc_feat_five,
          hangedman_abyss_or_decor_stagger, minmay_splitting_lines,
          grunt_ministairs_12, lemuel_flamethrower_2
Depths:2: minmay_box_of_curves, layout_gridlike, grunt_pan_entry_spiral,
          hell_entry, minmay_shoptagon
Depths:3: nicolae_legendary_halls, layout_long_grid, enter_ziggurat_e,
          hangedman_geh_valley, chequers_serial_rivers_room_a,
          abyss_entry_small_statue_room, kennysheep_potato, uniq_sojobo,
          uniq_grunn

Skill      XL: |  1  2  3  4  5  6  7  8  9 10 11 12 13 14 15 16 17 18 19 20 |
---------------+-------------------------------------------------------------+-----
Dodging        | 1 2 3 4 5 6 7 9 10 11 12 14 15 16 17 18 | 18.4
Armour         | 2 3 4 5 6 8 9 10 11 12 13 14 15 16 17 | 17.8
Axes           | 3 |  3.3
Fighting       | 4 5 6 7 9 10 11 12 13 14 15 16 17 18 19 | 19.4
Long Blades    | 1 2 |  2.7
Polearms       | 1 3 5 6 8 9 10 11 12 13 14 15 16 17 | 17.3
Stealth        | 5 10 | 10.4

Action                     |  1- 3 |  4- 6 |  7- 9 | 10-12 | 13-15 | 16-18 | 19-21 || total
---------------------------+-------+-------+-------+-------+-------+-------+-------++-------
  Melee: Hand axe          |    79 |       |       |       |       |       |       ||    79
         Falchion          |     5 |    51 |       |       |       |       |       ||    56
         Long sword        |       |   184 |    17 |       |       |       |       ||   201
         Punch             |       |     3 |     3 |     9 |    12 |       |       ||    27
         Spear             |       |       |   259 |  1029 |  1389 |  2791 |  1749 ||  7217
         Kick              |       |       |       |    31 |       |   435 |   168 ||   634
         Unarmed           |       |       |       |     3 |       |       |       ||     3
         Trident           |       |       |       |       |       |   192 |   313 ||   505
    Use: Scroll            |     7 |     3 |     7 |     5 |    12 |    13 |     5 ||    52
         Potion            |       |     1 |       |       |     5 |    10 |     4 ||    20
   Stab: Confused          |       |     1 |     3 |       |    14 |    12 |    11 ||    41
         Distracted        |       |       |     2 |       |     1 |    15 |     4 ||    22
         Sleeping          |       |       |     1 |       |       |     3 |     2 ||     6
         Betrayed ally     |       |       |       |     1 |       |       |       ||     1
         Petrified         |       |       |       |       |     5 |       |    24 ||    29
         Petrifying        |       |       |       |       |     2 |       |       ||     2
         Paralysed         |       |       |       |       |       |     4 |     1 ||     5
         Invisible         |       |       |       |       |       |       |    29 ||    29
 Armour: Leather armour    |    25 |    88 |    40 |       |       |       |       ||   153
         Chain mail        |       |       |    67 |   376 |   163 |       |       ||   606
         Skin              |       |       |       |     1 |       |     6 |       ||     7
         Plate armour      |       |       |       |       |    93 |       |       ||    93
         Crystal plate arm |       |       |       |       |    78 |   831 |   774 ||  1683
  Dodge: Dodged            |    43 |   173 |   119 |   269 |   272 |   556 |   577 ||  2009
  Block: Other             |    11 |    70 |    62 |   140 |    83 |       |       ||   366
         Reflection        |       |     1 |     2 |    10 |    12 |   217 |   120 ||   362
         Buckler           |       |       |       |       |   404 |  1431 |   718 ||  2553
